 Dungeon Sprint DCSS version 0.27-a0-203-gd48b2df3c9 (webtiles) character file.

Game seed: 18046112532672830292

4979 mhtbhm the Imperceptible (level 10, -2/76 HPs)
             Began as a Spriggan Brigand on Jan 30, 2021.
             Was a High Priest of Dithmenos.
             Slain by a spriggan rider
             ... wielding a +0 spear
              (16 damage)
             ... in the Dungeon (Sprint IV: "Fedhas' Mad Dash").
             The game lasted 00:03:07 (1124 turns).

mhtbhm the Imperceptible (Spriggan Brigand)         Turns: 1124, Time: 00:03:07

Health: -2/76      AC:  2    Str:  7    XL:     10   Next: 29%
Magic:  6/11       EV: 20    Int: 15    God:    Dithmenos [*****.]
Gold:   189        SH:  0    Dex: 19    Spells: 9/9 levels left

rFire    . . .     SeeInvis +   a - +2 short sword (elec)
rCold    . . .     Faith    .   (shield restricted)
rNeg     + . .     Spirit   .   b - +0 robe
rPois    .         Reflect  .   (helmet restricted)
rElec    .         Harm     .   o - scarf {+Inv}
rCorr    .         Rampage  .   (gloves unavailable)
Will     +....     NoTele   +   (boots unavailable)
Stlth    ..........             l - amulet of invisibility {+Inv}
HPRegen  0.22/turn              p - ring of positive energy
MPRegen  0.12/turn              (no ring)

@: berserking, very slightly contaminated, wreathed by umbra, invisible, very
quick
A: very small, unfitting armour, see invisible, speed 3
a: Renounce Religion, Evoke Invisibility, Shadow Step, Shadow Form


You were in the Dungeon.
You worshipped Dithmenos.
Dithmenos was extremely pleased with you.
You visited 1 branch You collected 189 gold pieces.

Inventory:

Hand Weapons
 a - a +2 short sword of electrocution (weapon)
Missiles
 d - 8 poisoned darts
 e - 2 curare-tipped darts (quivered)
 q - 2 atropa-tipped darts
Armour
 b - a +0 robe (worn)
 c - a +0 cloak
 o - a scarf of invisibility (worn)
Jewellery
 l - the amulet of invisibility (around neck) {+Inv}
   (You found it in the Dungeon)

   [amulet of nothing]

   It lets you turn invisible.
 p - a ring of positive energy (left hand)
Scrolls
 k - a scroll of blinking
 m - a scroll of remove curse {unknown}
 n - a scroll of magic mapping {unknown}
Potions
 f - a potion of curing
 g - 3 potions of heal wounds
 h - a potion of haste
 i - 2 potions of magic


   Skills:
 + Level 5.2 Fighting
 + Level 9.5 Short Blades
 + Level 5.3 Throwing
 + Level 4.5 Dodging
 + Level 25.9 Stealth
 + Level 1.0 Invocations
 + Level 12.0 Evocations


You had 9 spell levels left.
You didn't know any spells.
Your spell library contained the following spells:

 Spells                   Type           Power        Failure   Level
 Magic Dart               Conj           0%           26%         1
 Blink                    Tloc           N/A          38%         2
 Call Imp                 Summ           0%           38%         2
 Slow                     Hex            0%           38%         2
 Conjure Flame            Conj/Fire      0%           63%         3
 Mephitic Cloud           Conj/Pois/Air  0%           63%         3


Dungeon Overview and Level Annotations

Branches:
Dungeon (1/1)

Altars:
Cheibriados
Dithmenos
Elyvilon
Gozag
Hepliaklqana
Kikubaaqudgha
Makhleb
Nemelex Xobeh
Okawaru
Qazlal
Ru
Sif Muna
Trog
Uskayaw
Vehumet
Wu Jian
Xom
Yredelemnul
Zin
The Shining One
Beogh
Jiyva
Lugonu

Shops:
D :((([[


Innate Abilities, Weirdness & Mutations

You are very small and have problems with some larger weapons.
You are too small for most types of armour.
You have supernaturally acute eyesight. (SInv)
You cover ground extremely quickly.


Message History

You feel yourself moving faster!
You feel mighty!
The spriggan rider hits you from afar with a +0 spear!!
You emit a cloud of dark smoke.
You feel a strong urge to attack something.
You closely miss the spriggan rider.
The spriggan rider hits you with a +0 spear!!
You puncture the spriggan rider!
The spriggan rider is lightly wounded.
You hit the spriggan rider.
The spriggan rider is lightly wounded.
You puncture the spriggan rider!
The spriggan rider is moderately wounded.
The spriggan rider hits you with a +0 spear!
* * * LOW HITPOINT WARNING * * *
You miss the spriggan rider.
The spriggan rider is moderately wounded.
You hit the spriggan rider.
The spriggan rider is heavily wounded.
The spriggan rider hits you with a +0 spear!
You die...

##############
('..)#....##∩#
.#...#....'.)##+#
)###'##.[(##∩#$§####
(##∩∩.'...#####§§i§#
###############§@§∩#
###......###..§§§♣§#
.'.....[.'.'..§♣§§∩#
.#.P.....###########
+##.P....# ########


You could see a spriggan rider.

Vanquished Creatures
  A spriggan druid (D)
  6 oklob plants (D)
  A demonic crawler (D)
  3 burning bushes (D)
  3 wandering mushrooms (D)
  A queen bee (D)
  2 scorpions (D)
  4 killer bees (D)
  5 oklob saplings (D)
  A worker ant (D)
  4 spriggans (D)
  A river rat (D)
  A rat (D)
  A ballistomycete spore (D)
34 creatures vanquished.

Notes
Turn   | Place    | Note
-------+----------+-------------------------------------------
     0 | D        | mhtbhm the Spriggan Brigand began the quest for the Orb.
     0 | D        | Reached XP level 1. HP: 10/10 MP: 2/2
    16 | D        | Reached skill level 8 in Stealth
    16 | D        | Reached XP level 2. HP: 15/15 MP: 3/3
    36 | D        | Noticed an oklob sapling
   344 | D        | Killed an oklob sapling
   345 | D        | Reached skill level 10 in Stealth
   345 | D        | Reached XP level 3. HP: 18/18 MP: 4/4
   348 | D        | Found the amulet of invisibility {+Inv}
   350 | D        | Reached skill level 11 in Stealth
   381 | D        | Noticed an oklob sapling
   384 | D        | Killed an oklob sapling
   385 | D        | Reached skill level 12 in Stealth
   385 | D        | Reached XP level 4. HP: 23/23 MP: 3/5
   434 | D        | Found an opulent altar of Gozag.
   434 | D        | Found a hazy altar of Hepliaklqana.
   434 | D        | Found a burning altar of Makhleb.
   434 | D        | Found a roughly hewn altar of Beogh.
   434 | D        | Found a sparkling altar of Nemelex Xobeh.
   434 | D        | Found a snail-covered altar of Cheibriados.
   434 | D        | Found a sacrificial altar of Ru.
   434 | D        | Found a shimmering blue altar of Sif Muna.
   434 | D        | Found a shimmering altar of Xom.
   434 | D        | Found a basalt altar of Yredelemnul.
   435 | D        | Found a viscous altar of Jiyva.
   435 | D        | Found a bloodstained altar of Trog.
   435 | D        | Found an ornate altar of the Wu Jian Council.
   436 | D        | Found an iron altar of Okawaru.
   436 | D        | Found a shadowy altar of Dithmenos.
   436 | D        | Found a glowing silver altar of Zin.
   437 | D        | Found an ancient bone altar of Kikubaaqudgha.
   437 | D        | Found a hide-covered altar of Uskayaw.
   438 | D        | Found a stormy altar of Qazlal.
   438 | D        | Found a white marble altar of Elyvilon.
   438 | D        | Found a glowing golden altar of the Shining One.
   439 | D        | Found a corrupted altar of Lugonu.
   439 | D        | Found a radiant altar of Vehumet.
   443 | D        | Reached skill level 13 in Stealth
   443 | D        | Reached skill level 1 in Evocations
   445 | D        | Became a worshipper of Dithmenos the Shadowed
   510 | D        | Noticed a queen bee
   517 | D        | Killed a queen bee
   518 | D        | Reached skill level 16 in Stealth
   518 | D        | Reached XP level 5. HP: 28/28 MP: 3/6
   518 | D        | Reached XP level 6. HP: 32/32 MP: 3/7
   519 | D        | Reached skill level 5 in Short Blades
   519 | D        | Reached skill level 5 in Evocations
   519 | D        | Reached * piety under Dithmenos
   520 | D        | Reached skill level 17 in Stealth
   524 | D        | Noticed an oklob plant
   527 | D        | Killed an oklob plant
   527 | D        | Reached ** piety under Dithmenos
   528 | D        | Reached skill level 19 in Stealth
   528 | D        | Reached XP level 7. HP: 37/37 MP: 4/8
   572 | D        | Noticed a burning bush
   575 | D        | Killed a burning bush
   576 | D        | Reached skill level 5 in Throwing
   576 | D        | Reached skill level 20 in Stealth
   576 | D        | Reached XP level 8. HP: 42/42 MP: 9/9
   609 | D        | Noticed a burning bush
   609 | D        | Noticed an oklob plant
   610 | D        | Noticed a wandering mushroom
   611 | D        | Killed a burning bush
   616 | D        | Killed an oklob plant
   617 | D        | Reached skill level 21 in Stealth
   618 | D        | Reached *** piety under Dithmenos
   620 | D        | Killed a wandering mushroom
   621 | D        | Reached skill level 22 in Stealth
   621 | D        | Reached XP level 9. HP: 46/46 MP: 7/10
   637 | D        | Noticed a spriggan druid
   638 | D        | Killed a spriggan druid
   639 | D        | Reached skill level 23 in Stealth
   639 | D        | Reached skill level 10 in Evocations
   702 | D        | Noticed an oklob plant conjurer
   703 | D        | Killed an oklob plant conjurer
   818 | D        | Noticed an oklob plant
   818 | D        | Noticed an oklob plant summoner
   819 | D        | Noticed an oklob plant shifter
   821 | D        | Killed an oklob plant
   821 | D        | Reached **** piety under Dithmenos
   823 | D        | Killed an oklob plant shifter
   824 | D        | Reached skill level 5 in Fighting
   824 | D        | Reached skill level 24 in Stealth
   825 | D        | Killed an oklob plant summoner
   837 | D        | Noticed a demonic crawler
   839 | D        | Killed a demonic crawler
   929 | D        | Reached XP level 10. HP: 51/51 MP: 11/11
   940 | D        | Reached ***** piety under Dithmenos
   984 | D        | Found Tysuminy's Weapon Shop.
   984 | D        | Found Feofip's Book Emporium.
   996 | D        | Reached skill level 25 in Stealth
  1002 | D        | Found Ginwoucrosh's Weapon Emporium.
  1002 | D        | Found Yvueb's Weapon Shoppe.
  1111 | D        | Noticed a spriggan rider
  1112 | D        | Found Zemag's Antique Armour Emporium.
  1114 | D        | Found Idinuutt's Antique Armour Shoppe.
  1117 | D        | Reached skill level 1 in Invocations
  1124 | D        | Slain by a spriggan rider

Illustrated notes

Levels and vault maps discovered:
D:        dungeon_sprint_fedhas [sprint_temple]

Skill      XL: |  1  2  3  4  5  6  7  8  9 10 |
---------------+-------------------------------+-----
Stealth        | 8 10 12 16 19 20 22 24 25 | 25.9
Fighting       | 2 3 4 5 |  5.2
Dodging        | 2 3 4 |  4.5
Short Blades   | 3 4 6 7 9 |  9.5
Throwing       | 3 4 5 |  5.3
Evocations     | 4 7 9 11 12 | 12.0
Invocations    | 1 |  1.0

Action                   |  1- 3 |  4- 6 |  7- 9 | 10-12 || total
-------------------------+-------+-------+-------+-------++-------
Melee: Dagger            |    20 |     7 |    13 |     6 ||    46
       Short sword       |       |       |       |    14 ||    14
Throw: Dart              |     1 |       |       |       ||     1
Invok: Shadow Step       |       |       |     1 |     2 ||     3
 Abil: Evoke Invisibilit |     1 |     2 |     2 |     2 ||     7
  Use: Potion            |       |       |       |     1 ||     1
 Stab: Distracted        |     1 |       |       |       ||     1
       Sleeping          |     2 |     7 |    13 |     8 ||    30
Armor: Robe              |     1 |       |       |       ||     1
Dodge: Dodged            |    10 |       |       |     3 ||    13

Table legend: (Time is in decaauts)
 A = Elapsed time spent in this place.
 B = Non-inter-level travel time spent in this place.
 C = Inter-level travel time spent in this place.
 D = Time resting spent in this place.
 E = Time spent auto-exploring this place.
 F = Levels seen in this place.
 G = Mean time per level.
                   A        B        C        D        E       F      G
               +--------+--------+--------+--------+--------+-----+--------+
         Total |    963 |    911 |     52 |    602 |      0 |   1 |  963.0 |
       Dungeon |    963 |    911 |     52 |    602 |      0 |   1 |  963.0 |
               +--------+--------+--------+--------+--------+-----+--------+

Top non-repeatable levels by time:
       D: 963 daAuts
